Tamiflu vs Gangsters
Created - 11 novembre 2014 at 19:00
Goals
|
| Tamiflu |
1 |
1 |
5 |
0 |
7 |
| Gangsters |
5 |
2 |
0 |
1 |
8 |
|
Shots
|
| Tamiflu |
15 |
3 |
15 |
0 |
33 |
| Gangsters |
10 |
14 |
13 |
1 |
38 |
|
1st period
1. Gangsters , Ryan Jones 7 (Artem Anisimov) at 0:18
2. Gangsters , Brock Bradford 1 (Mikko Lehtonen) at 0:28
3. Tamiflu , Nate Thompson 11 (Alex Picard, Jonathan Sigalet) at 2:16
4. Gangsters , Artem Anisimov 3 (Ryan Jones) at 3:59
5. Gangsters , Brock Bradford 2 (Mikko Lehtonen, Michael Sdao) at 8:47
6. Gangsters , Maxime Sauvé 2 (Bryan Young, Artem Anisimov) at 13:15
Penalties :
No Penalty
2nd period
7. Tamiflu , Mattias Tedenby 8 (Nate Thompson, Philip Samuelsson) at 1:15
8. Gangsters , Alexandre Bolduc 12 (Ville Koistinen, Ryan Keller) at 5:39 (PP)
9. Gangsters , Mikko Lehtonen 8 (Dave Dziurzynski, Michael Sdao) at 12:27
Penalties :
Nathan Oystrick (Det) for Tripping (Minor) at 5:14, Michael Sdao (Bro) for Interference (Minor) at 9:24, Jaroslav Balastik (Bro) for Fighting (Major) at 19:12, Jonathan Sigalet (Det) for Fighting (Major) at 19:12
3rd period
10. Tamiflu , Greg Mauldin 10 (Johan Fransson, Petr Pohl) at 4:10
11. Tamiflu , Carson Mcmillan 4 (Greg Mauldin, Thomas Greiss) at 6:36 (SH)
12. Tamiflu , Petr Pohl 9 (Nathan Oystrick, Greg Mauldin) at 9:32 (PP)
13. Tamiflu , Mattias Tedenby 9 (Nate Thompson) at 12:52
14. Tamiflu , Johan Fransson 2 (Nathan Oystrick, Carson Mcmillan) at 18:49 (PP)
Penalties :
Jordan Hendry (Det) for Interference (Minor) at 0:22, Nathan Oystrick (Det) for Hooking (Minor) at 5:30, Mikko Lehtonen (Bro) for Hooking (Minor) at 8:49, Johan Fransson (Det) for Roughing (Minor) at 16:26, Ryan Keller (Bro) for Hooking (Minor) at 17:35
Overtime #1
15. Gangsters , Jaroslav Balastik 9 (Ville Koistinen) at 0:08
Penalties :
No Penalty
Goalie Stats
Mike McKenna (Det), 3 saves from 7 shots - (0,429), 8:47 minutes
Thomas Greiss (Det), 27 saves from 31 shots - (0,871), OTL, 1-3-1, 51:21 minutes
David LeNeveu (Bro), 26 saves from 33 shots - (0,788), W, 7-3-3, 60:08 minutes
Players Stats for Tamiflu
Player Name G A P +/- PIM S H SB GA TA FO MP PP MP PK MP
------------------------------------------------------------------------------------
Adam Henrique 0 0 0 -1 0 2 0 0 0 0 1/4 12:28 0:00 0:00
Alex Picard 0 1 1 -1 0 5 4 3 2 0 0/2 23:02 1:33 3:59
Carson Mcmillan 1 1 2 1 0 3 3 0 1 0 0/0 19:13 1:57 1:09
Casey Wellman 0 0 0 0 0 0 0 0 0 0 0/0 0:00 0:00 0:00
Cody Goloubef 0 0 0 -1 0 0 1 0 0 3 0/0 13:59 0:00 1:58
Colin Greening 0 0 0 -1 0 0 0 0 1 0 2/6 6:07 0:00 0:00
Greg Mauldin 1 2 3 -1 0 7 1 1 0 0 11/23 18:49 1:33 1:09
Jan Mursak 0 0 0 -1 0 0 1 0 0 0 0/0 17:03 1:09 0:00
Johan Fransson 1 1 2 1 2 1 1 2 0 2 0/0 20:46 1:59 1:33
Jonathan Sigalet 0 1 1 -2 5 0 3 0 1 1 0/0 24:37 1:07 2:30
Jordan Hendry 0 0 0 -1 2 0 3 1 0 3 0/0 26:55 1:07 2:30
Mattias Tedenby 2 0 2 0 0 3 0 0 0 0 0/0 6:31 0:00 0:24
Mike Duco 0 0 0 -1 0 2 2 0 0 0 0/0 12:28 0:00 0:00
Nate Thompson 1 2 3 0 0 8 2 3 0 0 19/41 27:18 1:33 3:59
Nathan Oystrick 0 2 2 1 4 0 0 3 0 0 0/0 20:11 1:59 1:29
Petr Pohl 1 1 2 -1 0 2 2 0 2 1 1/1 17:03 1:09 0:00
Philip Samuelsson 0 1 1 -2 0 0 0 1 0 1 0/0 14:30 0:24 1:04
Rich Clune 0 0 0 0 0 0 2 0 0 0 0/0 13:05 0:00 0:24
Players Stats for Gangsters
Player Name G A P +/- PIM S H SB GA TA FO MP PP MP PK MP
------------------------------------------------------------------------------------
Alexandre Bolduc 1 0 1 -1 0 3 1 0 0 0 22/40 20:36 3:15 0:28
Artem Anisimov 1 2 3 -1 0 4 2 1 1 0 2/9 15:44 2:17 0:00
Brock Bradford 2 0 2 3 0 5 1 0 1 1 5/8 13:10 0:09 0:24
Bryan Young 0 1 1 -1 0 0 1 1 0 2 0/0 18:19 2:03 1:17
Colten Teubert 0 0 0 -1 0 1 2 2 0 0 0/0 18:19 2:03 1:17
Curtis McKenzie 0 0 0 0 0 0 0 0 0 0 0/0 8:22 0:00 0:18
Dave Dziurzynski 0 1 1 -1 0 1 2 0 0 0 1/1 15:44 2:17 0:00
Jaroslav Balastik 1 0 1 1 5 2 1 0 3 0 4/7 20:08 2:09 1:56
Luke Gazdic 0 0 0 3 0 0 1 0 0 0 0/0 11:53 0:00 0:00
Matt Delahey 0 0 0 3 0 1 0 0 0 0 0/0 11:31 0:00 0:00
Maxime Sauvé 1 0 1 0 0 3 1 0 0 0 5/8 9:26 0:00 0:42
Michael Sdao 0 2 2 3 2 0 0 0 0 0 0/0 11:33 0:00 0:00
Mikko Lehtonen 1 2 3 2 2 6 0 0 1 1 0/0 14:44 0:57 0:00
Richard Panik 0 0 0 0 0 0 0 0 0 0 0/0 8:04 0:00 0:00
Ryan Jones 1 1 2 -1 0 3 0 0 2 0 1/1 16:15 2:17 0:28
Ryan Keller 0 1 1 0 2 6 1 1 2 0 3/3 22:08 3:14 1:56
Shaun Heska 0 0 0 0 0 0 1 4 0 2 0/0 30:18 3:29 1:49
Ville Koistinen 0 2 2 0 0 3 1 5 1 1 0/0 30:18 3:29 1:49
3 Stars
1 - Brock Bradford (Bro)
2 - Nate Thompson (Det)
3 - Carson Mcmillan (Det)
Power Play
Tamiflu - 2 on 3 Attempt(s) - 66,67%
Gangsters - 1 on 4 Attempt(s) - 25,00%
Penalty Kill
Tamiflu - 3 on 4 Attempt(s) - 75,00%
- Score 1 goal in Penalty Kill
Gangsters - 1 on 3 Attempt(s) - 33,33%
- Score 0 goal in Penalty Kill
Official
Referees : VanMassenhoven Don and O'Halloran Dan
Linesman : Scott Cherrey and Lyle Seitz
Game Notes
Thomas Greiss enters game at 8:47 of 1st period
Jaroslav Balastik and Jonathan Sigalet fight to a draw at 19:12 of 2nd period
Finance
Level 1 -- Attendance: 1419 (70,95%) -- Ticket Income 49 665 $
Level 2 -- Attendance: 806 (80,60%) -- Ticket Income 12 090 $
Total Attendance: 2225 (74,17%)
Total Ticket Income: 61 755 $
Other Income: 3 088 $
Total Income: 64 843 $
Tamiflu
5 vs 5 Forward
Center Left Wing Right Wing Time % Phy DF OF
1 Nate Thompson Alex Picard Carson Mcmillan 40 1 2 2
2 Greg Mauldin Jan Mursak Petr Pohl 30 1 2 2
3 Adam Henrique Rich Clune Mike Duco 20 1 2 2
4 Colin Greening Nate Thompson Mattias Tedenby 10 1 2 2
5 vs 5 Defense
Defense Defense Time % Phy DF OF
1 Jonathan Sigalet Jordan Hendry 40 1 2 2
2 Nathan Oystrick Johan Fransson 30 1 2 2
3 Philip Samuelsson Cody Goloubef 20 1 2 2
4 Jonathan Sigalet Jordan Hendry 10 1 2 2
PowerPlay Forward
Center Left Wing Right Wing Time % Phy DF OF
1 Nate Thompson Alex Picard Carson Mcmillan 60 1 2 2
2 Greg Mauldin Jan Mursak Petr Pohl 40 1 2 2
PowerPlay Defense
Defense Defense Time % Phy DF OF
1 Jonathan Sigalet Jordan Hendry 60 1 2 2
2 Nathan Oystrick Johan Fransson 40 1 2 2
Penalty Kill 4 Players Forward
Center Wing Time % Phy DF OF
1 Nate Thompson Alex Picard 60 1 2 2
2 Greg Mauldin Carson Mcmillan 40 1 2 2
Penalty Kill 4 Players Defense
Defense Defense Time % Phy DF OF
1 Jonathan Sigalet Jordan Hendry 60 1 2 2
2 Nathan Oystrick Johan Fransson 40 1 2 2
Penalty Kill - 3 Players Forward
Forward Time % Phy DF OF
1 Nate Thompson 60 1 2 2
2 Alex Picard 40 1 2 2
Penalty Kill - 3 Players Defense
Defense Defense Time % Phy DF OF
1 Jonathan Sigalet Jordan Hendry 60 1 2 2
2 Nathan Oystrick Johan Fransson 40 1 2 2
4 vs 4 Forward
Center Wing Time % Phy DF OF
1 Nate Thompson Alex Picard 60 1 2 2
2 Greg Mauldin Carson Mcmillan 40 1 2 2
4 vs 4 Defense
Defense Defense Time % Phy DF OF
1 Jonathan Sigalet Jordan Hendry 60 1 2 2
2 Nathan Oystrick Johan Fransson 40 1 2 2
Last Minutes Offensive
Center Left Wing Right Wing Defense Defense
Nate Thompson Alex Picard Carson Mcmillan Jonathan Sigalet Jordan Hendry
Last Minutes Defensive
Center Left Wing Right Wing Defense Defense
Nate Thompson Alex Picard Carson Mcmillan Jonathan Sigalet Jordan Hendry
Goaltenders
Starting : Mike McKenna
Backup : Thomas Greiss
Extra Forwards
Normal : Adam Henrique, Mike Duco, Mattias Tedenby - PP : Adam Henrique, Mike Duco - PK : Mattias Tedenby
Extra Defensemen
Normal : Philip Samuelsson, Cody Goloubef, Nathan Oystrick - PP : Philip Samuelsson - PK : Cody Goloubef, Nathan Oystrick
Penalty Shots
Nate Thompson, Alex Picard, Greg Mauldin, Carson Mcmillan, Petr Pohl
Gangsters
5 vs 5 Forward
Center Left Wing Right Wing Time % Phy DF OF
1 Alexandre Bolduc Jaroslav Balastik Ryan Keller 40 1 2 2
2 Artem Anisimov Dave Dziurzynski Ryan Jones 30 1 2 2
3 Brock Bradford Luke Gazdic Mikko Lehtonen 20 1 2 2
4 Maxime Sauvé Curtis McKenzie Richard Panik 10 1 2 2
5 vs 5 Defense
Defense Defense Time % Phy DF OF
1 Ville Koistinen Shaun Heska 40 1 2 2
2 Bryan Young Colten Teubert 30 1 2 2
3 Matt Delahey Michael Sdao 20 1 2 2
4 Ville Koistinen Shaun Heska 10 1 2 2
PowerPlay Forward
Center Left Wing Right Wing Time % Phy DF OF
1 Alexandre Bolduc Jaroslav Balastik Ryan Keller 60 1 2 2
2 Artem Anisimov Dave Dziurzynski Ryan Jones 40 1 2 2
PowerPlay Defense
Defense Defense Time % Phy DF OF
1 Ville Koistinen Shaun Heska 60 1 2 2
2 Bryan Young Colten Teubert 40 1 2 2
Penalty Kill 4 Players Forward
Center Wing Time % Phy DF OF
1 Jaroslav Balastik Ryan Keller 60 1 2 2
2 Alexandre Bolduc Ryan Jones 40 1 2 2
Penalty Kill 4 Players Defense
Defense Defense Time % Phy DF OF
1 Ville Koistinen Shaun Heska 60 1 2 2
2 Bryan Young Colten Teubert 40 1 2 2
Penalty Kill - 3 Players Forward
Forward Time % Phy DF OF
1 Jaroslav Balastik 60 1 2 2
2 Ryan Keller 40 1 2 2
Penalty Kill - 3 Players Defense
Defense Defense Time % Phy DF OF
1 Ville Koistinen Shaun Heska 60 1 2 2
2 Bryan Young Colten Teubert 40 1 2 2
4 vs 4 Forward
Center Wing Time % Phy DF OF
1 Jaroslav Balastik Ryan Keller 60 1 2 2
2 Alexandre Bolduc Ryan Jones 40 1 2 2
4 vs 4 Defense
Defense Defense Time % Phy DF OF
1 Ville Koistinen Shaun Heska 60 1 2 2
2 Bryan Young Colten Teubert 40 1 2 2
Last Minutes Offensive
Center Left Wing Right Wing Defense Defense
Alexandre Bolduc Jaroslav Balastik Ryan Keller Ville Koistinen Shaun Heska
Last Minutes Defensive
Center Left Wing Right Wing Defense Defense
Alexandre Bolduc Jaroslav Balastik Ryan Keller Ville Koistinen Shaun Heska
Goaltenders
Starting : David LeNeveu
Backup : Dustin Tokarski
Extra Forwards
Normal : Mikko Lehtonen, Brock Bradford, Maxime Sauvé - PP : Mikko Lehtonen, Brock Bradford - PK : Maxime Sauvé
Extra Defensemen
Normal : Matt Delahey, Michael Sdao, Bryan Young - PP : Matt Delahey - PK : Michael Sdao, Bryan Young
Penalty Shots
Jaroslav Balastik, Ryan Keller, Alexandre Bolduc, Ryan Jones, Artem Anisimov
% Time on Ice - Tamiflu
Lines # - Real PCT - Wanted PCT - Time Play
Normal Forward
1 - 32% - 40% - 16:09
2 - 32% - 30% - 16:02
3 - 24% - 20% - 12:14
4 - 12% - 10% - 6:07
Normal Defense
1 - 40% - 40% - 20:20
2 - 33% - 30% - 16:31
3 - 21% - 20% - 10:51
4 - 6% - 10% - 2:50
PP Forward
1 - 50% - 60% - 1:33
2 - 50% - 40% - 1:33
PP Defense
1 - 36% - 60% - 1:07
2 - 64% - 40% - 1:59
PK Forward
1 - 79% - 60% - 4:23
2 - 21% - 40% - 1:09
PK Defense
1 - 81% - 60% - 4:29
2 - 19% - 40% - 1:03
PK3 Forward
1 - 0% - 60%
2 - 0% - 40%
PK3 Defense
1 - 0% - 60%
2 - 0% - 40%
44 Forward
1 - 91% - 60% - 0:53
2 - 9% - 40% - 0:05
44 Defense
1 - 78% - 60% - 0:45
2 - 22% - 40% - 0:13
Last Minute Offensive - 0:00
Last Minute Defensive - 0:00
Total
Forward - 60:08
Defense - 60:08
|
% Time on Ice - Gangsters
Lines # - Real PCT - Wanted PCT - Time Play
Normal Forward
1 - 34% - 40% - 17:05
2 - 27% - 30% - 13:30
3 - 24% - 20% - 11:53
4 - 16% - 10% - 8:04
Normal Defense
1 - 40% - 40% - 20:21
2 - 30% - 30% - 14:57
3 - 23% - 20% - 11:31
4 - 7% - 10% - 3:43
PP Forward
1 - 59% - 60% - 3:15
2 - 41% - 40% - 2:17
PP Defense
1 - 63% - 60% - 3:29
2 - 37% - 40% - 2:03
PK Forward
1 - 85% - 60% - 2:38
2 - 15% - 40% - 0:28
PK Defense
1 - 59% - 60% - 1:49
2 - 41% - 40% - 1:17
PK3 Forward
1 - 0% - 60%
2 - 0% - 40%
PK3 Defense
1 - 0% - 60%
2 - 0% - 40%
44 Forward
1 - 100% - 60% - 0:58
2 - 0% - 40% - 0:00
44 Defense
1 - 97% - 60% - 0:56
2 - 3% - 40% - 0:02
Last Minute Offensive - 0:00
Last Minute Defensive - 0:00
Total
Forward - 60:08
Defense - 60:08
|
Play by Play
1st period
0:01 of 1st period - Alexandre Bolduc wins face-off versus Nate Thompson in neutral zone.
0:04 of 1st period - Wrist shot by Jaroslav Balastik.
0:04 of 1st period - Shot Blocked by Alex Picard.
0:08 of 1st period - Slapshot by Jaroslav Balastik.
0:08 of 1st period - Shot Misses the Net.
0:10 of 1st period - Slapshot by Shaun Heska.
0:10 of 1st period - Shot Misses the Net.
0:12 of 1st period - Wrist shot by Ryan Keller.
0:12 of 1st period - Stopped by Mike McKenna with a rebound.
0:14 of 1st period - Snap shot by Ryan Keller.
0:14 of 1st period - Stopped by Mike McKenna with a rebound.
0:16 of 1st period - Backhand shot by Alexandre Bolduc.
0:16 of 1st period - Stopped by Mike McKenna without a rebound.
0:17 of 1st period - Artem Anisimov wins face-off versus Greg Mauldin in Tamiflu zone.
0:18 of 1st period - Snap shot by Ryan Jones.
0:18 of 1st period - Goal by Ryan Jones - Tamiflu : 0 - Gangsters : 1.
0:19 of 1st period - Brock Bradford wins face-off versus Adam Henrique in neutral zone.
0:28 of 1st period - Snap shot by Brock Bradford.
0:28 of 1st period - Deflect By Philip Samuelsson.
0:28 of 1st period - Goal by Brock Bradford - Tamiflu : 0 - Gangsters : 2.
0:29 of 1st period - Greg Mauldin wins face-off versus Artem Anisimov in neutral zone.
0:42 of 1st period - Wrist shot by Petr Pohl.
0:42 of 1st period - Deflect By Greg Mauldin.
0:42 of 1st period - Shot Misses the Net.
0:42 of 1st period - Puck is out of play.
0:43 of 1st period - Maxime Sauvé wins face-off versus Colin Greening in Gangsters zone.
0:43 of 1st period - Maxime Sauvé is hit by Jonathan Sigalet.
0:55 of 1st period - Snap shot by Ville Koistinen.
0:55 of 1st period - Deflect By Richard Panik.
0:55 of 1st period - Shot Misses the Net.
0:55 of 1st period - Puck is out of play.
0:56 of 1st period - Nate Thompson wins face-off versus Alexandre Bolduc in Tamiflu zone.
1:08 of 1st period - Icing by Nate Thompson.
1:09 of 1st period - Dave Dziurzynski wins face-off versus Nate Thompson in Tamiflu zone.
2:02 of 1st period - Snap shot by Alex Picard.
2:02 of 1st period - Stopped by David LeNeveu with a rebound.
2:04 of 1st period - Slapshot by Jonathan Sigalet.
2:04 of 1st period - Shot Blocked by Bryan Young.
2:14 of 1st period - Backhand shot by Alex Picard.
2:14 of 1st period - Shot Misses the Net.
2:16 of 1st period - Backhand shot by Nate Thompson.
2:16 of 1st period - Goal by Nate Thompson - Tamiflu : 1 - Gangsters : 2.
2:17 of 1st period - Alexandre Bolduc wins face-off versus Greg Mauldin in neutral zone.
2:31 of 1st period - Slapshot by Petr Pohl.
2:31 of 1st period - Deflect By Greg Mauldin.
2:31 of 1st period - Stopped by David LeNeveu without a rebound.
2:32 of 1st period - Brock Bradford wins face-off versus Adam Henrique in Gangsters zone.
2:39 of 1st period - Wrist shot by Mikko Lehtonen.
2:39 of 1st period - Shot Misses the Net.
3:19 of 1st period - Rich Clune is hit by Jaroslav Balastik and loses puck.
3:30 of 1st period - Snap shot by Mike Duco.
3:30 of 1st period - Stopped by David LeNeveu with a rebound.
3:57 of 1st period - Icing by Cody Goloubef.
3:58 of 1st period - Ryan Jones wins face-off versus Colin Greening in Tamiflu zone.
3:59 of 1st period - Snap shot by Artem Anisimov.
3:59 of 1st period - Goal by Artem Anisimov - Tamiflu : 1 - Gangsters : 3.
4:00 of 1st period - Alexandre Bolduc wins face-off versus Greg Mauldin in neutral zone.
4:03 of 1st period - Greg Mauldin is hit by Shaun Heska and loses puck.
4:14 of 1st period - Slapshot by Petr Pohl.
4:14 of 1st period - Shot Misses the Net.
5:22 of 1st period - Cody Goloubef is hit by Artem Anisimov and loses puck.
5:39 of 1st period - Wrist shot by Greg Mauldin.
5:39 of 1st period - Stopped by David LeNeveu with a rebound.
5:41 of 1st period - Wrist shot by Johan Fransson.
5:41 of 1st period - Shot Blocked by Colten Teubert.
5:43 of 1st period - Wrist shot by Johan Fransson.
5:43 of 1st period - Deflect By Greg Mauldin.
5:43 of 1st period - Shot Misses the Net.
5:43 of 1st period - Puck is out of play.
5:44 of 1st period - Greg Mauldin wins face-off versus Brock Bradford in Gangsters zone.
5:54 of 1st period - Icing by Shaun Heska.
5:55 of 1st period - Nate Thompson wins face-off versus Brock Bradford in Gangsters zone.
6:05 of 1st period - Icing by Carson Mcmillan.
6:06 of 1st period - Alexandre Bolduc wins face-off versus Nate Thompson in Tamiflu zone.
6:25 of 1st period - Wrist shot by Alex Picard.
6:25 of 1st period - Stopped by David LeNeveu with a rebound.
6:27 of 1st period - Wrist shot by Alex Picard.
6:27 of 1st period - Shot Blocked by Shaun Heska.
6:29 of 1st period - Wrist shot by Jonathan Sigalet.
6:29 of 1st period - Shot Blocked by Ryan Keller.
6:31 of 1st period - Slapshot by Jonathan Sigalet.
6:31 of 1st period - Shot Blocked by Ville Koistinen.
6:33 of 1st period - Wrist shot by Jonathan Sigalet.
6:33 of 1st period - Shot Blocked by Ville Koistinen.
6:35 of 1st period - Snap shot by Nate Thompson.
6:35 of 1st period - Shot Misses the Net.
6:37 of 1st period - Wrist shot by Alex Picard.
6:37 of 1st period - Shot Misses the Net.
6:39 of 1st period - Slapshot by Carson Mcmillan.
6:39 of 1st period - Stopped by David LeNeveu without a rebound.
6:40 of 1st period - Greg Mauldin wins face-off versus Artem Anisimov in Gangsters zone.
7:05 of 1st period - Johan Fransson is hit by Luke Gazdic.
8:05 of 1st period - Alexandre Bolduc is hit by Cody Goloubef and loses puck.
8:30 of 1st period - Matt Delahey is hit by Mike Duco and loses puck.
8:47 of 1st period - Snap shot by Brock Bradford.
8:47 of 1st period - Goal by Brock Bradford - Tamiflu : 1 - Gangsters : 4.
8:47 of 1st period - Thomas Greiss enters game.
8:48 of 1st period - Greg Mauldin wins face-off versus Alexandre Bolduc in neutral zone.
9:13 of 1st period - Jan Mursak is hit by Brock Bradford and loses puck.
9:20 of 1st period - Wrist shot by Mikko Lehtonen.
9:20 of 1st period - Stopped by Thomas Greiss with a rebound.
9:22 of 1st period - Snap shot by Luke Gazdic.
9:22 of 1st period - Shot Misses the Net.
9:24 of 1st period - Wrist shot by Mikko Lehtonen.
9:24 of 1st period - Shot Blocked by Nathan Oystrick.
9:26 of 1st period - Slapshot by Ville Koistinen.
9:26 of 1st period - Shot Misses the Net.
9:46 of 1st period - Snap shot by Ryan Jones.
9:46 of 1st period - Stopped by Thomas Greiss with a rebound.
9:49 of 1st period - Icing by Nathan Oystrick.
9:50 of 1st period - Nate Thompson wins face-off versus Alexandre Bolduc in Tamiflu zone.
10:23 of 1st period - Wrist shot by Alex Picard.
10:23 of 1st period - Shot Misses the Net.
10:25 of 1st period - Wrist shot by Alex Picard.
10:25 of 1st period - Stopped by David LeNeveu with a rebound.
10:27 of 1st period - Slapshot by Nate Thompson.
10:27 of 1st period - Shot Misses the Net.
10:29 of 1st period - Slapshot by Johan Fransson.
10:29 of 1st period - Shot Blocked by Ville Koistinen.
10:31 of 1st period - Snap shot by Nate Thompson.
10:31 of 1st period - Stopped by David LeNeveu with a rebound.
10:33 of 1st period - Wrist shot by Nate Thompson.
10:33 of 1st period - Stopped by David LeNeveu with a rebound.
10:35 of 1st period - Slapshot by Nate Thompson.
10:35 of 1st period - Deflect By Alex Picard.
10:35 of 1st period - Stopped by David LeNeveu with a rebound.
10:37 of 1st period - Snap shot by Nate Thompson.
10:37 of 1st period - Stopped by David LeNeveu without a rebound.
10:38 of 1st period - Greg Mauldin wins face-off versus Jaroslav Balastik in Gangsters zone.
10:49 of 1st period - Snap shot by Greg Mauldin.
10:49 of 1st period - Stopped by David LeNeveu without a rebound.
10:50 of 1st period - Alexandre Bolduc wins face-off versus Greg Mauldin in Gangsters zone.
11:40 of 1st period - Nate Thompson is hit by Maxime Sauvé and loses puck.
11:55 of 1st period - Wrist shot by Mikko Lehtonen.
11:55 of 1st period - Deflect By Brock Bradford.
11:55 of 1st period - Shot Misses the Net.
11:55 of 1st period - Puck is out of play.
11:56 of 1st period - Greg Mauldin wins face-off versus Brock Bradford in Tamiflu zone.
12:17 of 1st period - Snap shot by Greg Mauldin.
12:17 of 1st period - Stopped by David LeNeveu without a rebound.
12:18 of 1st period - Nate Thompson wins face-off versus Alexandre Bolduc in Gangsters zone.
12:25 of 1st period - Carson Mcmillan is hit by Alexandre Bolduc.
12:49 of 1st period - Snap shot by Mike Duco.
12:49 of 1st period - Stopped by David LeNeveu with a rebound.
12:53 of 1st period - Slapshot by Adam Henrique.
12:53 of 1st period - Shot Misses the Net.
12:55 of 1st period - Slapshot by Jonathan Sigalet.
12:55 of 1st period - Shot Misses the Net.
13:15 of 1st period - Snap shot by Maxime Sauvé.
13:15 of 1st period - Goal by Maxime Sauvé - Tamiflu : 1 - Gangsters : 5.
13:16 of 1st period - Ryan Keller wins face-off versus Nate Thompson in neutral zone.
13:26 of 1st period - Off-side.
13:27 of 1st period - Alexandre Bolduc wins face-off versus Nate Thompson in neutral zone.
13:52 of 1st period - Greg Mauldin is hit by Dave Dziurzynski and loses puck.
14:33 of 1st period - Bryan Young is hit by Nate Thompson and loses puck.
14:44 of 1st period - Snap shot by Richard Panik.
14:44 of 1st period - Shot Misses the Net.
14:53 of 1st period - Off-side.
14:54 of 1st period - Greg Mauldin wins face-off versus Alexandre Bolduc in neutral zone.
14:59 of 1st period - Alexandre Bolduc is hit by Jordan Hendry and loses puck.
15:20 of 1st period - Shaun Heska is hit by Carson Mcmillan.
15:53 of 1st period - Brock Bradford is hit by Mike Duco and loses puck.
16:45 of 1st period - Alexandre Bolduc is hit by Johan Fransson and loses puck.
18:40 of 1st period - Philip Samuelsson is hit by Colten Teubert and loses puck.
19:11 of 1st period - Snap shot by Maxime Sauvé.
19:11 of 1st period - Shot Misses the Net.
19:35 of 1st period - Jonathan Sigalet is hit by Colten Teubert and loses puck.
19:53 of 1st period - Mikko Lehtonen is hit by Petr Pohl and loses puck.
Goals for this period are 1 for Tamiflu vs 5 for Gangsters.
Shots for this period are 15 for Tamiflu vs 10 for Gangsters.
2nd period
0:01 of 2nd period - Alexandre Bolduc wins face-off versus Nate Thompson in neutral zone.
0:01 of 2nd period - Alexandre Bolduc is hit by Jonathan Sigalet.
1:15 of 2nd period - Snap shot by Mattias Tedenby.
1:15 of 2nd period - Goal by Mattias Tedenby - Tamiflu : 2 - Gangsters : 5.
1:16 of 2nd period - Nate Thompson wins face-off versus Alexandre Bolduc in neutral zone.
1:27 of 2nd period - Slapshot by Shaun Heska.
1:27 of 2nd period - Shot Misses the Net.
2:35 of 2nd period - Wrist shot by Colin Greening.
2:35 of 2nd period - Shot Misses the Net.
2:37 of 2nd period - Snap shot by Johan Fransson.
2:37 of 2nd period - Shot Misses the Net.
2:51 of 2nd period - Alex Picard is hit by Dave Dziurzynski.
2:54 of 2nd period - Off-side.
2:55 of 2nd period - Greg Mauldin wins face-off versus Alexandre Bolduc in neutral zone.
3:03 of 2nd period - Snap shot by Ryan Keller.
3:03 of 2nd period - Stopped by Thomas Greiss with a rebound.
3:09 of 2nd period - Snap shot by Jonathan Sigalet.
3:09 of 2nd period - Shot Blocked by Shaun Heska.
3:11 of 2nd period - Snap shot by Greg Mauldin.
3:11 of 2nd period - Shot Blocked by Shaun Heska.
3:40 of 2nd period - Snap shot by Nate Thompson.
3:40 of 2nd period - Shot Blocked by Shaun Heska.
3:50 of 2nd period - Snap shot by Brock Bradford.
3:50 of 2nd period - Stopped by Thomas Greiss with a rebound.
3:59 of 2nd period - Off-side.
4:00 of 2nd period - Maxime Sauvé wins face-off versus Greg Mauldin in neutral zone.
4:02 of 2nd period - Off-side.
4:03 of 2nd period - Greg Mauldin wins face-off versus Maxime Sauvé in neutral zone.
4:10 of 2nd period - Wrist shot by Greg Mauldin.
4:10 of 2nd period - Shot Misses the Net.
4:12 of 2nd period - Slapshot by Jordan Hendry.
4:12 of 2nd period - Shot Misses the Net.
4:14 of 2nd period - Snap shot by Greg Mauldin.
4:14 of 2nd period - Deflect By Jan Mursak.
4:14 of 2nd period - Shot Misses the Net.
4:14 of 2nd period - Puck is out of play.
4:15 of 2nd period - Alexandre Bolduc wins face-off versus Nate Thompson in Gangsters zone.
5:14 of 2nd period - Minor Penalty to Nathan Oystrick for Tripping.
5:15 of 2nd period - Nate Thompson wins face-off versus Alexandre Bolduc in Tamiflu zone.
5:25 of 2nd period - Wrist shot by Ryan Keller.
5:25 of 2nd period - Deflect By Alexandre Bolduc.
5:25 of 2nd period - Shot Misses the Net.
5:25 of 2nd period - Puck is out of play.
5:26 of 2nd period - Nate Thompson wins face-off versus Alexandre Bolduc in Tamiflu zone.
5:37 of 2nd period - Slapshot by Ville Koistinen.
5:37 of 2nd period - Shot Hit the Post.
5:39 of 2nd period - Snap shot by Alexandre Bolduc.
5:39 of 2nd period - Goal by Alexandre Bolduc - Tamiflu : 2 - Gangsters : 6.
5:40 of 2nd period - Alexandre Bolduc wins face-off versus Alex Picard in neutral zone.
6:28 of 2nd period - Wrist shot by Mikko Lehtonen.
6:28 of 2nd period - Stopped by Thomas Greiss without a rebound.
6:29 of 2nd period - Adam Henrique wins face-off versus Maxime Sauvé in Tamiflu zone.
6:40 of 2nd period - Johan Fransson is hit by Bryan Young and loses puck.
7:41 of 2nd period - Snap shot by Brock Bradford.
7:41 of 2nd period - Shot Misses the Net.
7:43 of 2nd period - Wrist shot by Bryan Young.
7:43 of 2nd period - Shot Blocked by Jordan Hendry.
7:45 of 2nd period - Snap shot by Bryan Young.
7:45 of 2nd period - Shot Hit the Post.
8:40 of 2nd period - Snap shot by Ryan Jones.
8:40 of 2nd period - Shot Misses the Net.
8:46 of 2nd period - Shaun Heska is hit by Alex Picard and loses puck.
9:05 of 2nd period - Slapshot by Ville Koistinen.
9:05 of 2nd period - Shot Misses the Net.
9:24 of 2nd period - Minor Penalty to Michael Sdao for Interference.
9:25 of 2nd period - Jaroslav Balastik wins face-off versus Nate Thompson in Gangsters zone.
9:35 of 2nd period - Jordan Hendry is hit by Ryan Keller and loses puck.
9:40 of 2nd period - Wrist shot by Ryan Keller.
9:40 of 2nd period - Stopped by Thomas Greiss with a rebound.
10:17 of 2nd period - Off-side.
10:18 of 2nd period - Maxime Sauvé wins face-off versus Greg Mauldin in neutral zone.
10:42 of 2nd period - Ryan Keller is hit by Carson Mcmillan and loses puck.
11:24 of 2nd period - Penalty to Michael Sdao is over, Michael Sdao is back on ice.
11:38 of 2nd period - Snap shot by Mikko Lehtonen.
11:38 of 2nd period - Deflect By Brock Bradford.
11:38 of 2nd period - Stopped by Thomas Greiss with a rebound.
11:40 of 2nd period - Snap shot by Brock Bradford.
11:40 of 2nd period - Shot Blocked by Nathan Oystrick.
11:42 of 2nd period - Snap shot by Brock Bradford.
11:42 of 2nd period - Shot Misses the Net.
12:27 of 2nd period - Snap shot by Dave Dziurzynski.
12:27 of 2nd period - Deflect By Mikko Lehtonen.
12:27 of 2nd period - Goal by Mikko Lehtonen - Tamiflu : 2 - Gangsters : 7.
12:28 of 2nd period - Nate Thompson wins face-off versus Alexandre Bolduc in neutral zone.
13:03 of 2nd period - Slapshot by Artem Anisimov.
13:03 of 2nd period - Stopped by Thomas Greiss with a rebound.
13:05 of 2nd period - Wrist shot by Ryan Jones.
13:05 of 2nd period - Shot Blocked by Greg Mauldin.
13:07 of 2nd period - Slapshot by Colten Teubert.
13:07 of 2nd period - Stopped by Thomas Greiss with a rebound.
13:17 of 2nd period - Brock Bradford is hit by Rich Clune and loses puck.
13:36 of 2nd period - Snap shot by Alex Picard.
13:36 of 2nd period - Shot Misses the Net.
13:44 of 2nd period - Snap shot by Maxime Sauvé.
13:44 of 2nd period - Shot Misses the Net.
13:46 of 2nd period - Slapshot by Matt Delahey.
13:46 of 2nd period - Stopped by Thomas Greiss with a rebound.
14:35 of 2nd period - Icing by Ville Koistinen.
14:36 of 2nd period - Brock Bradford wins face-off versus Nate Thompson in Gangsters zone.
14:59 of 2nd period - Slapshot by Ville Koistinen.
14:59 of 2nd period - Shot Misses the Net.
15:01 of 2nd period - Slapshot by Brock Bradford.
15:01 of 2nd period - Shot Blocked by Alex Picard.
15:03 of 2nd period - Wrist shot by Luke Gazdic.
15:03 of 2nd period - Deflect By Mikko Lehtonen.
15:03 of 2nd period - Stopped by Thomas Greiss with a rebound.
15:05 of 2nd period - Snap shot by Brock Bradford.
15:05 of 2nd period - Shot Misses the Net.
15:34 of 2nd period - Snap shot by Brock Bradford.
15:34 of 2nd period - Shot Blocked by Nate Thompson.
15:42 of 2nd period - Wrist shot by Ville Koistinen.
15:42 of 2nd period - Shot Blocked by Nate Thompson.
15:48 of 2nd period - Wrist shot by Brock Bradford.
15:48 of 2nd period - Shot Misses the Net.
15:50 of 2nd period - Slapshot by Shaun Heska.
15:50 of 2nd period - Shot Blocked by Alex Picard.
15:54 of 2nd period - Snap shot by Mikko Lehtonen.
15:54 of 2nd period - Stopped by Thomas Greiss without a rebound.
15:55 of 2nd period - Alexandre Bolduc wins face-off versus Greg Mauldin in Tamiflu zone.
16:20 of 2nd period - Artem Anisimov is hit by Jonathan Sigalet and loses puck.
16:25 of 2nd period - Snap shot by Adam Henrique.
16:25 of 2nd period - Stopped by David LeNeveu with a rebound.
16:56 of 2nd period - Icing by Nathan Oystrick.
16:57 of 2nd period - Colin Greening wins face-off versus Maxime Sauvé in Tamiflu zone.
17:20 of 2nd period - Snap shot by Greg Mauldin.
17:20 of 2nd period - Stopped by David LeNeveu without a rebound.
17:21 of 2nd period - Alexandre Bolduc wins face-off versus Greg Mauldin in Gangsters zone.
17:31 of 2nd period - Wrist shot by Greg Mauldin.
17:31 of 2nd period - Shot Misses the Net.
17:33 of 2nd period - Snap shot by Greg Mauldin.
17:33 of 2nd period - Deflect By Shaun Heska.
17:33 of 2nd period - Shot Hit the Post.
17:33 of 2nd period - Puck is out of play.
17:34 of 2nd period - Alexandre Bolduc wins face-off versus Nate Thompson in Gangsters zone.
17:59 of 2nd period - Ville Koistinen is hit by Jan Mursak and loses puck.
18:14 of 2nd period - Greg Mauldin is hit by Artem Anisimov.
18:31 of 2nd period - Slapshot by Artem Anisimov.
18:31 of 2nd period - Shot Blocked by Philip Samuelsson.
18:33 of 2nd period - Snap shot by Dave Dziurzynski.
18:33 of 2nd period - Shot Misses the Net.
18:45 of 2nd period - Wrist shot by Greg Mauldin.
18:45 of 2nd period - Shot Misses the Net.
19:11 of 2nd period - Snap shot by Artem Anisimov.
19:11 of 2nd period - Deflect By Ryan Jones.
19:11 of 2nd period - Shot Misses the Net.
19:11 of 2nd period - Puck is out of play.
19:12 of 2nd period - Alexandre Bolduc wins face-off versus Nate Thompson in Tamiflu zone.
19:12 of 2nd period - Jaroslav Balastik and Jonathan Sigalet fight to a draw.
19:12 of 2nd period - Penalty to Jaroslav Balastik for Fighting.
19:12 of 2nd period - Penalty to Jonathan Sigalet for Fighting.
19:13 of 2nd period - Nate Thompson wins face-off versus Alexandre Bolduc in Tamiflu zone.
19:40 of 2nd period - Wrist shot by Maxime Sauvé.
19:40 of 2nd period - Stopped by Thomas Greiss without a rebound.
19:41 of 2nd period - Maxime Sauvé wins face-off versus Adam Henrique in Tamiflu zone.
19:46 of 2nd period - Snap shot by Richard Panik.
19:46 of 2nd period - Shot Misses the Net.
19:50 of 2nd period - Snap shot by Maxime Sauvé.
19:50 of 2nd period - Stopped by Thomas Greiss with a rebound.
19:52 of 2nd period - Snap shot by Maxime Sauvé.
19:52 of 2nd period - Shot Misses the Net.
Goals for this period are 1 for Tamiflu vs 2 for Gangsters.
Shots for this period are 3 for Tamiflu vs 14 for Gangsters.
3rd period
0:01 of 3rd period - Ryan Keller wins face-off versus Nate Thompson in neutral zone.
0:06 of 3rd period - Snap shot by Ryan Keller.
0:06 of 3rd period - Stopped by Thomas Greiss with a rebound.
0:14 of 3rd period - Slapshot by Alexandre Bolduc.
0:14 of 3rd period - Deflect By Ryan Keller.
0:14 of 3rd period - Stopped by Thomas Greiss with a rebound.
0:16 of 3rd period - Wrist shot by Mikko Lehtonen.
0:16 of 3rd period - Stopped by Thomas Greiss with a rebound.
0:22 of 3rd period - Minor Penalty to Jordan Hendry for Interference.
0:23 of 3rd period - Nate Thompson wins face-off versus Alexandre Bolduc in Tamiflu zone.
0:48 of 3rd period - Alex Picard is hit by Ville Koistinen and loses puck.
1:04 of 3rd period - Snap shot by Alex Picard.
1:04 of 3rd period - Shot Misses the Net.
1:06 of 3rd period - Wrist shot by Alex Picard.
1:06 of 3rd period - Shot Blocked by Artem Anisimov.
1:08 of 3rd period - Backhand shot by Nate Thompson.
1:08 of 3rd period - Stopped by David LeNeveu with a rebound.
1:10 of 3rd period - Backhand shot by Nate Thompson.
1:10 of 3rd period - Stopped by David LeNeveu without a rebound.
1:11 of 3rd period - Alexandre Bolduc wins face-off versus Greg Mauldin in Gangsters zone.
1:42 of 3rd period - Artem Anisimov is hit by Rich Clune and loses puck.
1:55 of 3rd period - Wrist shot by Mattias Tedenby.
1:55 of 3rd period - Shot Misses the Net.
2:05 of 3rd period - Bryan Young is hit by Alex Picard and loses puck.
2:21 of 3rd period - Wrist shot by Greg Mauldin.
2:21 of 3rd period - Shot Blocked by Ville Koistinen.
2:22 of 3rd period - Penalty to Jordan Hendry is over, Jordan Hendry is back on ice.
3:05 of 3rd period - Wrist shot by Greg Mauldin.
3:05 of 3rd period - Stopped by David LeNeveu without a rebound.
3:06 of 3rd period - Petr Pohl wins face-off versus Artem Anisimov in Gangsters zone.
3:10 of 3rd period - Backhand shot by Jordan Hendry.
3:10 of 3rd period - Shot Misses the Net.
3:30 of 3rd period - Michael Sdao is hit by Carson Mcmillan and loses puck.
3:58 of 3rd period - Wrist shot by Alexandre Bolduc.
3:58 of 3rd period - Shot Misses the Net.
4:00 of 3rd period - Slapshot by Ville Koistinen.
4:00 of 3rd period - Stopped by Thomas Greiss without a rebound.
4:01 of 3rd period - Greg Mauldin wins face-off versus Alexandre Bolduc in Tamiflu zone.
4:08 of 3rd period - Slapshot by Johan Fransson.
4:08 of 3rd period - Shot Misses the Net.
4:10 of 3rd period - Snap shot by Greg Mauldin.
4:10 of 3rd period - Goal by Greg Mauldin - Tamiflu : 3 - Gangsters : 7.
4:11 of 3rd period - Nate Thompson wins face-off versus Alexandre Bolduc in neutral zone.
4:45 of 3rd period - Wrist shot by Ryan Jones.
4:45 of 3rd period - Shot Blocked by Johan Fransson.
4:47 of 3rd period - Snap shot by Dave Dziurzynski.
4:47 of 3rd period - Stopped by Thomas Greiss with a rebound.
5:06 of 3rd period - Snap shot by Brock Bradford.
5:06 of 3rd period - Shot Misses the Net.
5:18 of 3rd period - Snap shot by Jaroslav Balastik.
5:18 of 3rd period - Shot Blocked by Johan Fransson.
5:20 of 3rd period - Snap shot by Alexandre Bolduc.
5:20 of 3rd period - Shot Misses the Net.
5:30 of 3rd period - Minor Penalty to Nathan Oystrick for Hooking.
5:31 of 3rd period - Nate Thompson wins face-off versus Alexandre Bolduc in Tamiflu zone.
5:40 of 3rd period - Slapshot by Ville Koistinen.
5:40 of 3rd period - Stopped by Thomas Greiss without a rebound.
5:41 of 3rd period - Ryan Keller wins face-off versus Nate Thompson in Tamiflu zone.
6:36 of 3rd period - Snap shot by Carson Mcmillan.
6:36 of 3rd period - Goal by Carson Mcmillan - Tamiflu : 4 - Gangsters : 7.
6:37 of 3rd period - Alexandre Bolduc wins face-off versus Nate Thompson in neutral zone.
7:30 of 3rd period - Penalty to Nathan Oystrick is over, Nathan Oystrick is back on ice.
7:42 of 3rd period - Slapshot by Maxime Sauvé.
7:42 of 3rd period - Shot Misses the Net.
7:44 of 3rd period - Snap shot by Maxime Sauvé.
7:44 of 3rd period - Deflect By Cody Goloubef.
7:44 of 3rd period - Shot Misses the Net.
7:44 of 3rd period - Puck is out of play.
7:45 of 3rd period - Maxime Sauvé wins face-off versus Greg Mauldin in Tamiflu zone.
8:49 of 3rd period - Minor Penalty to Mikko Lehtonen for Hooking.
8:50 of 3rd period - Nate Thompson wins face-off versus Jaroslav Balastik in Gangsters zone.
8:51 of 3rd period - Snap shot by Alex Picard.
8:51 of 3rd period - Stopped by David LeNeveu with a rebound.
8:53 of 3rd period - Wrist shot by Carson Mcmillan.
8:53 of 3rd period - Deflect By Nate Thompson.
8:53 of 3rd period - Shot Blocked by Ville Koistinen.
8:53 of 3rd period - Puck is out of play.
8:54 of 3rd period - Jaroslav Balastik wins face-off versus Nate Thompson in Gangsters zone.
8:54 of 3rd period - Jaroslav Balastik is hit by Nate Thompson.
9:28 of 3rd period - Snap shot by Petr Pohl.
9:28 of 3rd period - Shot Misses the Net.
9:30 of 3rd period - Slapshot by Nathan Oystrick.
9:30 of 3rd period - Shot Misses the Net.
9:32 of 3rd period - Wrist shot by Petr Pohl.
9:32 of 3rd period - Goal by Petr Pohl - Tamiflu : 5 - Gangsters : 7.
9:33 of 3rd period - Nate Thompson wins face-off versus Artem Anisimov in neutral zone.
9:38 of 3rd period - Ryan Jones is hit by Alex Picard.
9:48 of 3rd period - Snap shot by Ryan Jones.
9:48 of 3rd period - Stopped by Thomas Greiss without a rebound.
9:49 of 3rd period - Greg Mauldin wins face-off versus Alexandre Bolduc in Tamiflu zone.
10:00 of 3rd period - Alexandre Bolduc is hit by Jordan Hendry and loses puck.
10:40 of 3rd period - Snap shot by Alexandre Bolduc.
10:40 of 3rd period - Shot Misses the Net.
11:23 of 3rd period - Slapshot by Jaroslav Balastik.
11:23 of 3rd period - Stopped by Thomas Greiss without a rebound.
11:24 of 3rd period - Nate Thompson wins face-off versus Artem Anisimov in Tamiflu zone.
11:51 of 3rd period - Luke Gazdic is hit by Petr Pohl and loses puck.
12:12 of 3rd period - Snap shot by Nate Thompson.
12:12 of 3rd period - Deflect By Mattias Tedenby.
12:12 of 3rd period - Stopped by David LeNeveu without a rebound.
12:13 of 3rd period - Artem Anisimov wins face-off versus Colin Greening in Gangsters zone.
12:30 of 3rd period - Icing by Johan Fransson.
12:31 of 3rd period - Brock Bradford wins face-off versus Colin Greening in Tamiflu zone.
12:52 of 3rd period - Snap shot by Mattias Tedenby.
12:52 of 3rd period - Goal by Mattias Tedenby - Tamiflu : 6 - Gangsters : 7.
12:53 of 3rd period - Alexandre Bolduc wins face-off versus Nate Thompson in neutral zone.
13:06 of 3rd period - Snap shot by Alexandre Bolduc.
13:06 of 3rd period - Stopped by Thomas Greiss with a rebound.
13:08 of 3rd period - Wrist shot by Ryan Keller.
13:08 of 3rd period - Shot Blocked by Nate Thompson.
13:18 of 3rd period - Dave Dziurzynski is hit by Greg Mauldin.
13:50 of 3rd period - Wrist shot by Artem Anisimov.
13:50 of 3rd period - Stopped by Thomas Greiss without a rebound.
13:51 of 3rd period - Nate Thompson wins face-off versus Alexandre Bolduc in Tamiflu zone.
14:16 of 3rd period - Brock Bradford is hit by Jordan Hendry and loses puck.
14:48 of 3rd period - Off-side.
14:49 of 3rd period - Alexandre Bolduc wins face-off versus Nate Thompson in neutral zone.
15:36 of 3rd period - Wrist shot by Adam Henrique.
15:36 of 3rd period - Stopped by David LeNeveu with a rebound.
15:38 of 3rd period - Slapshot by Jordan Hendry.
15:38 of 3rd period - Shot Misses the Net.
15:55 of 3rd period - Off-side.
15:56 of 3rd period - Alexandre Bolduc wins face-off versus Greg Mauldin in neutral zone.
16:07 of 3rd period - Snap shot by Petr Pohl.
16:07 of 3rd period - Stopped by David LeNeveu with a rebound.
16:09 of 3rd period - Wrist shot by Jan Mursak.
16:09 of 3rd period - Shot Blocked by Colten Teubert.
16:16 of 3rd period - Icing by Colten Teubert.
16:17 of 3rd period - Alexandre Bolduc wins face-off versus Nate Thompson in Gangsters zone.
16:23 of 3rd period - Off-side.
16:24 of 3rd period - Nate Thompson wins face-off versus Artem Anisimov in neutral zone.
16:26 of 3rd period - Minor Penalty to Johan Fransson for Roughing.
16:27 of 3rd period - Alexandre Bolduc wins face-off versus Nate Thompson in Tamiflu zone.
17:01 of 3rd period - Slapshot by Ville Koistinen.
17:01 of 3rd period - Stopped by Thomas Greiss without a rebound.
17:02 of 3rd period - Nate Thompson wins face-off versus Artem Anisimov in Tamiflu zone.
17:25 of 3rd period - Backhand shot by Artem Anisimov.
17:25 of 3rd period - Shot Blocked by Nathan Oystrick.
17:27 of 3rd period - Snap shot by Artem Anisimov.
17:27 of 3rd period - Stopped by Thomas Greiss without a rebound.
17:28 of 3rd period - Alexandre Bolduc wins face-off versus Alex Picard in Tamiflu zone.
17:35 of 3rd period - Minor Penalty to Ryan Keller for Hooking.
17:36 of 3rd period - Nate Thompson wins face-off versus Jaroslav Balastik in Gangsters zone.
17:39 of 3rd period - Snap shot by Nate Thompson.
17:39 of 3rd period - Stopped by David LeNeveu without a rebound.
17:40 of 3rd period - Jaroslav Balastik wins face-off versus Nate Thompson in Gangsters zone.
18:08 of 3rd period - Brock Bradford is hit by Alex Picard and loses puck.
18:23 of 3rd period - Snap shot by Brock Bradford.
18:23 of 3rd period - Stopped by Thomas Greiss without a rebound.
18:24 of 3rd period - Brock Bradford wins face-off versus Greg Mauldin in Tamiflu zone.
18:26 of 3rd period - Penalty to Johan Fransson is over, Johan Fransson is back on ice.
18:45 of 3rd period - Wrist shot by Greg Mauldin.
18:45 of 3rd period - Deflect By Carson Mcmillan.
18:45 of 3rd period - Stopped by David LeNeveu with a rebound.
18:47 of 3rd period - Slapshot by Nathan Oystrick.
18:47 of 3rd period - Shot Misses the Net.
18:49 of 3rd period - Wrist shot by Johan Fransson.
18:49 of 3rd period - Goal by Johan Fransson - Tamiflu : 7 - Gangsters : 7.
18:50 of 3rd period - Colin Greening wins face-off versus Alexandre Bolduc in neutral zone.
19:33 of 3rd period - Snap shot by Nate Thompson.
19:33 of 3rd period - Stopped by David LeNeveu without a rebound.
19:34 of 3rd period - Alexandre Bolduc wins face-off versus Nate Thompson in Gangsters zone.
Goals for this period are 5 for Tamiflu vs 0 for Gangsters.
Shots for this period are 15 for Tamiflu vs 13 for Gangsters.
Overtime #1
0:01 of 1st overtime period - Jaroslav Balastik wins face-off versus Nate Thompson in neutral zone.
0:08 of 1st overtime period - Slapshot by Jaroslav Balastik.
0:08 of 1st overtime period - Goal by Jaroslav Balastik - Tamiflu : 7 - Gangsters : 8.
Goals for this period are 0 for Tamiflu vs 1 for Gangsters.
Shots for this period are 0 for Tamiflu vs 1 for Gangsters.
Output by the SimonT Hockey Simulator (STHS) for François Prévost -- Original Page W3C XHTML 1.0 Valid